 Crawl Stoat Soup version 0.23-s2-232-g2f2dfc82cb (webtiles) character file.

221 FMitz the Magician (level 5, -5/52 HPs)
             Began as a High Elf Skald on June 3, 2023.
             Slain by Robin
             ... wielding a +0 spear
              (7 damage)
             ... on level 3 of the Dungeon.
             The game lasted 00:06:34 (4063 turns).

FMitz the Magician (High Elf Skald)                 Turns: 4063, Time: 00:06:35

Health: -5/52      AC:  3    Str: 16    XL:     5   Next: 65%
Magic:  0/10 (12)  EV: 13    Int: 17    God:
Gold:   123        SH:  0    Dex: 14    Spells: 7/12 levels left

rFire    . . .     SeeInvis .   a - +0 falchion
rCold    . . .     Gourm    .   (no shield)
rNeg     . . .     Faith    .   b - +0 leather armour
rPois    .         Spirit   +   (no helmet)
rElec    .         Warding  .   n - scarf {Spirit}
rCorr    .         Reflect  .   (no gloves)
MR       +....     Harm     .   (no boots)
Stlth    ..........             (no amulet)
HPRegen  0.17/turn              q - ring of protection from magic
MPRegen  0.13/turn              (no ring)

@: berserking, very slightly contaminated, singing, very quick, 2 MP reserved
for charms, 0.01 MP regen used to sustain charms
A: no striking features
a: End Permanent Enchantments


You were on level 3 of the Dungeon.
You were not hungry.

You visited 1 branch of the dungeon, and saw 3 of its levels.

You collected 123 gold pieces.

Inventory:

Hand Weapons
 a - a +0 falchion (weapon)
Missiles
 h - 5 curare-tipped darts (quivered)
 k - 18 sling bullets
Armour
 b - a +0 leather armour (worn)
 n - a scarf of spirit shield (worn)
 s - a +0 ring mail of cold resistance
Jewellery
 q - a ring of protection from magic (left hand)
Wands
 r - a wand of iceblast (5 charges)
Scrolls
 e - a scroll of immolation {unknown}
 f - a scroll of fear {unknown}
 g - a scroll of teleportation {unknown}
 i - 3 scrolls of remove curse
 j - a scroll of noise
 l - a scroll of random uselessness
 m - a scroll of fog {unknown}
 p - a scroll of identify
Potions
 t - a potion of berserk rage
Comestibles
 c - 3 meat rations
 d - 4 bread rations
 o - a fruit


   Skills:
 + Level 2.7 Fighting
 + Level 4.0 Long Blades
 - Level 0.8 Armour
 + Level 3.6 Dodging
 * Level 4.4 Spellcasting
 - Level 4.0 Charms


You had 7 spell levels left.
You knew the following spells:

 Your Spells              Type           Power        Failure   Level  Hunger
a - Infusion              Chrm           17/25        3%          1    None
b - Song of Slaying       Chrm           17/100       5%          2    ##.....
c - Shroud of Golubria    Chrm/Tloc      10/50        12%         2    ##.....

Your spell library contained the following spells:

 Spells                   Type           Power        Failure   Level  Hunger
 Magic Dart               Conj           3/25         19%         1    None
 Spectral Weapon          Hex/Chrm       10/100       24%         3    ###....
 Blink                    Tloc           3/50         28%         2    ##.....
 Call Imp                 Summ           3/100        28%         2    ##.....
 Slow                     Hex            3/100        28%         2    ##.....
 Conjure Flame            Conj/Fire      3/100        50%         3    ###....
 Mephitic Cloud           Conj/Pois/Air  3/100        50%         3    ###....
 Regeneration             Chrm/Necr      10/200       63%         4    ####...


Dungeon Overview and Level Annotations

Branches:
Dungeon (3/15)

Altars:
Ashenzari

Annotations:
D:3 Robin


Message History

Robin hits you with a spear.
* * * LOW HITPOINT WARNING * * *
You barely miss Robin.
Robin is lightly wounded.
Robin hits you but does no damage.
You barely miss Robin.
Robin is lightly wounded.
Robin hits you with a spear.
* * * LOW HITPOINT WARNING * * *
It was a potion of berserk rage.
A red film seems to cover your vision as you go berserk!
You feel yourself moving faster!
You feel mighty! Robin hits you with a spear.
* * * LOW HITPOINT WARNING * * *
You slash Robin!
Robin is severely wounded.
Robin misses you.
You hit Robin.
Robin is almost dead.
Robin hits you with a spear!
You die...

.# #..####.# .#
##.#<.#.# .#
#.#.##.# ##
#......#
#....####
##.#.#(.
#...#)# #...#.#
#.##...#@#
#....>.g)#
.....[........#
###########.###
.# . ##


You could see Robin.

Vanquished Creatures
  An orc wizard (D:3)
  2 worker ants (D:3)
  Ijyb (D:3)
  A killer bee zombie (D:1)
  2 adders
  An ooze (D:1)
  3 worms
  A dart slug (D:3)
  2 leopard geckos
  3 orcs (D:3)
  2 ball pythons
  A giant cockroach (D:1)
  10 goblins
  9 hobgoblins
  4 jackals (D:3)
  2 kobolds
  7 bats
  4 frilled lizards
  11 rats
67 creatures vanquished.

Notes
Turn   | Place    | Note
-------+----------+-------------------------------------------
     0 | D:1      | FMitz the High Elf Skald began the quest for the Orb.
     0 | D:1      | Reached XP level 1. HP: 14/14 MP: 4/4
   415 | D:1      | Reached XP level 2. HP: 14/19 MP: 3/6
   835 | D:1      | Reached XP level 3. HP: 14/25 MP: 2/8
   911 | D:1      | Learned a level 2 spell: Song of Slaying
   914 | D:1      | Learned a level 2 spell: Shroud of Golubria
  1868 | D:2      | Found a shattered altar of Ashenzari.
  2060 | D:2      | Reached XP level 4. HP: 14/30 MP: 5/9
  2917 | D:3      | Reached XP level 5. HP: 18/35 MP: 5/12
  3424 | D:3      | Noticed Ijyb
  3437 | D:3      | Killed Ijyb
  4045 | D:3      | Noticed Robin
  4061 | D:3      | HP: 1/52 [Robin/spear (4)]
  4063 | D:3      | Slain by Robin

Vault maps used:
D:1:      psy_arrival_conway, bh_walls_and_bars
D:2:      old_standard_altar
D:3:      fountainhead, uniq_robin, uniq_ijyb

Skill      XL: |  1  2  3  4  5 |
---------------+----------------+-----
Charms         | 4 |  4.0
Long Blades    | 3 4 |  4.0
Spellcasting   | 3 4 |  4.4
Dodging        | 3 |  3.6
Fighting       | |  2.7
Armour         | |  0.8

Action                   |  1- 3 |  4- 6 || total
-------------------------+-------+-------++-------
Melee: Falchion          |    66 |   104 ||   170
 Cast: * Infusion        |    29 |    18 ||    47
       * Song of Slaying |       |     8 ||     8
  Use: Potion            |       |     6 ||     6
       Scroll            |       |     3 ||     3
 Stab: Sleeping          |     2 |       ||     2
  Eat: Chunk             |     2 |     7 ||     9
       Fruit             |       |     1 ||     1
Armor: Leather armour    |    10 |    20 ||    30
Dodge: Dodged            |    48 |    77 ||   125
       Rpst.: Falchion   |    17 |    26 ||    43
* Casting counts for permanent charms are approximate representations of how often the player would have had to cast a non-permanent spell for the same benefits.

Table legend:
 A = Spawn XP
 B = Non-spawn XP
 C = Spawn XP percentage of total XP
 D = Spawn monster count
 E = Non-spawn monster count
 F = Spawn count percentage of total count
 G = Total turns spent on level
                    A         B        C        D         E        F      G
               +---------+---------+-------+---------+---------+-------+---------
         Total |     112 |     205 |  35.3 |      17 |      50 |  25.4 |  4063
               +---------+---------+-------+---------+---------+-------+---------
           D:1 |      34 |      33 |  50.7 |       5 |      18 |  21.7 |  1480
           D:2 |      19 |      21 |  47.5 |       4 |       8 |  33.3 |   941
           D:3 |      59 |     151 |  28.1 |       8 |      24 |  25.0 |  1642
               +---------+---------+-------+---------+---------+-------+---------
